 Dungeon Crawl Stone Soup version 0.31-a0-358-gac0dbeb3ab (webtiles) character file.

Game seed: 9315776879164034602

14 BritishOli the Trooper (level 2, 0/24 HPs)
             Began as a Demonspawn Fighter on July 25, 2023.
             Slain by an adder (2 damage)
             ... on level 2 of the Dungeon.
             The game lasted 00:00:34 (601 turns).

BritishOli the Trooper (Demonspawn Fighter)          Turns: 601, Time: 00:00:34

Health: 0/24       AC:  0    Str: 16    XL:     2   Next: 31%
Magic:  2/2        EV: 10    Int:  9    God:
Gold:   53         SH:  4    Dex: 12    Spells: 1/1 levels left

rFire   . . .        a - +0 war axe
rCold   . . .        c - +0 buckler
rNeg    . . .        (no body armour)
rPois   .            (no helmet)
rElec   .            (no cloak)
rCorr   .            (no gloves)
SInv    .            (no boots)
Will    .....        i - amulet of regeneration
Stlth   +            (no ring)
HPRegen 1.04/turn    (no ring)
MPRegen 0.08/turn

%: no passive effects
@: lethally poisoned (0 -> 0)
A: powered by pain 1
a: no special abilities


You were on level 2 of the Dungeon.
You visited 1 branch of the dungeon, and saw 2 of its levels.

You collected 53 gold pieces.

Inventory:

Hand Weapons
 a - a +0 war axe (weapon)
Armour
 b - a +0 scale mail
 c - a +0 buckler (worn)
 k - the +1 leather armour "Qysadditeg" {rF+++ Str+3 Int+4 Stlth-}
   (You found it on level 2 of the Dungeon)

   Str:       It affects your strength (+3).
   Int:       It affects your intelligence (+4).
   rF:        It renders you almost immune to fire.
   Stlth:     It makes you less stealthy.
Jewellery
 h - a ring of willpower
 i - an amulet of regeneration (around neck)
Wands
 f - a wand of polymorph (7)
Scrolls
 e - a scroll of enchant weapon {unknown}
 g - a scroll of fog {unknown}
 j - a scroll of immolation {unknown}
Potions
 d - a potion of might


   Skills:
 + Level 3.2 Fighting
 + Level 2.0 Axes
 + Level 2.9 Armour
 + Level 2.9 Shields


You had one spell level left.
You didn't know any spells.
Your spell library was empty.

Dungeon Overview and Level Annotations

Branches:
Dungeon (2/15)

Altars:


Innate Abilities, Weirdness & Mutations

You sometimes gain a little power by taking damage.


Message History

A bat is nearby!
You barely miss the bat. The bat hits you.
A bat is nearby!
A bat is nearby!
You slash the bat!
You kill the bat!
Found a whip.
No target in view!
An adder comes into view.
The adder hisses angrily.
The adder barely misses you.
An adder is nearby!
An adder is nearby!
You barely miss the adder. The adder bites you. x2
You are poisoned.
The adder poisons you!
You closely miss the adder.
You feel sick.
An adder comes into view.
The adder bites you.
You are more poisoned.
The adder poisons you! The adder barely misses you.
The adder moves out of view.
You miss the adder.
You feel very sick. You block the adder's attack. The adder bites you.
An adder is nearby!
You are too injured to fight recklessly!
An adder is nearby!
You are too injured to fight recklessly!
An adder is nearby!
You are too injured to fight recklessly!
You completely miss the adder.
You feel sick. The adder misses you.
You closely miss the adder.
You feel sick. The adder closely misses you. You block the adder's attack.
You barely miss the adder.
You feel sick. The adder bites you. x2
* * * LOW HITPOINT WARNING * * *
You closely miss the adder.
You feel sick. The adder bites you.
* * * LOW HITPOINT WARNING * * *
The adder bites you.
You die...

#.........#<.
#######.#....
###########......
##................
#..#######.#####.#
######.## #.......#
#......# ########..#..
#.....#####.....[...#.#
#.....@S..#.#####.###.#
............#(..........#
#######.....#######.#####
........#####.#....
##.....#...........#
#...).#.....#.#....
########.##.#.#<... # .
..#.#.. #..###.#..


You could see an adder.

Vanquished Creatures
  2 ball pythons
  An endoplasm (D:1)
  3 kobolds (D:1)
  3 quokkas
  A bat (D:2)
  3 frilled lizards (D:1)
  A rat (D:1)
14 creatures vanquished.

Notes
Turn   | Place    | Note
-------+----------+-------------------------------------------
     0 | D:1      | BritishOli the Demonspawn Fighter began the quest for the
                  | Orb.
     0 | D:1      | Reached XP level 1. HP: 18/18 MP: 1/1
   108 | D:1      | Found a faded altar of an unknown god.
   114 | D:1      | Gained mutation: You sometimes gain a little power by
                  | taking damage. [demonic ancestry]
   114 | D:1      | Reached XP level 2. HP: 23/24 MP: 2/2
   512 | D:2      | Identified the +1 leather armour "Qysadditeg" {rF+++ Str+3
                  | Int+4 Stlth-}
   601 | D:2      | Slain by an adder

Illustrated notes

Levels and vault maps discovered:
D:1:      eino_arrival_druids_welcome, layout_rooms,
          hellmonk_ecumenical_altar_lost_god, dk_noncrumbling_2
D:2:      layout_basic, ebering_dispersal_statue_hall, uniq_jessica

Skill      XL: |  1 |
---------------+----+-----
Axes           | 2 |  2.0
Fighting       | |  3.2
Armour         | |  2.9
Shields        | |  2.9

Action                     || total
---------------------------++-------
  Melee: War axe           ||    59
 Armour: Scale mail        ||    13
  Dodge: Dodged            ||    30
  Block: Buckler           ||    18

Table legend: (Time is in decaauts)
 A = Elapsed time spent in this place.
 B = Non-inter-level travel time spent in this place.
 C = Inter-level travel time spent in this place.
 D = Time resting spent in this place.
 E = Time spent auto-exploring this place.
 F = Levels seen in this place.
 G = Mean time per level.
                   A        B        C        D        E       F      G
               +--------+--------+--------+--------+--------+-----+--------+
         Total |    626 |    616 |     10 |      0 |    452 |   2 |  313.0 |
       Dungeon |    626 |    616 |     10 |      0 |    452 |   2 |  313.0 |
               +--------+--------+--------+--------+--------+-----+--------+

Top non-repeatable levels by time:
     D:1: 519 daAuts
     D:2: 107 daAuts
